 Dungeon Crawl Stone Soup version 0.28.0-45-g0d030f2227 (webtiles) character file.

Game seed: 10864456718691603895

107 Zeld the Conjurer (level 4, 0/35 HPs)
             Began as a Draconian Conjurer on Apr 19, 2022.
             Slain by Grinder (2 damage)
             ... on level 3 of the Dungeon.
             The game lasted 00:04:45 (2913 turns).

Zeld the Conjurer (Draconian Conjurer)              Turns: 2913, Time: 00:04:46

Health: 0/35       AC:  8    Str:  9    XL:     4   Next: 56%
Magic:  1/7        EV: 12    Int: 21    God:
Gold:   80         SH:  0    Dex:  9    Spells: 5/8 levels left

rFire   . . .      SeeInvis .   (no weapon)
rCold   . . .      Faith    .   (no shield)
rNeg    . . .      Spirit   .   (armour unavailable)
rPois   .          Reflect  .   (helmet restricted)
rElec   .          Harm     .   a - +1 cloak
rCorr   .          Rampage  .   d - +0 pair of gloves
Will    .....                   (no boots)
Stlth   ++........              (no amulet)
HPRegen 0.11/turn               (no ring)
MPRegen 0.10/turn               (no ring)

@: no status effects
A: AC +5, unfitting armour, cold-blooded
a: no special abilities


You were on level 3 of the Dungeon.
You visited 1 branch of the dungeon, and saw 3 of its levels.

You collected 80 gold pieces.

Inventory:

Armour
 a - a +1 cloak (worn)
 d - a +0 pair of gloves (worn)
Scrolls
 c - 2 scrolls of amnesia {unknown}
 h - 2 scrolls of identify {unknown}
Potions
 b - 2 potions of curing {unknown}
 e - a potion of heal wounds {unknown}
 f - a potion of resistance {unknown}
 g - a potion of haste {unknown}
 i - a potion of attraction {unknown}


   Skills:
 + Level 1.5 Fighting
 + Level 2.3 Dodging
 + Level 2.4 Stealth
 + Level 2.5 Spellcasting
 * Level 4.8 Conjurations


You had 5 spell levels left.
You knew the following spells:

 Your Spells              Type           Power      Damage    Failure   Level
a - Magic Dart            Conj           88%        1d7       1%          1
b - Searing Ray           Conj           44%        2d6       3%          2

Your spell library contained the following spells:

 Spells                   Type           Power      Damage    Failure   Level
 Dazzling Flash           Conj/Hex       24%        N/A       16%         3
 Gell's Gravitas          Tloc           2%         N/A       38%         3
 Lesser Beckoning         Tloc           2%         N/A       38%         3
 Teleport Other           Tloc           2%         N/A       38%         3
 Fulminant Prism          Conj/Hex       6%         3d7       45%         4
 Iskenderun's Mystic Bla  Conj/Tloc      12%        2d5       45%         4


Dungeon Overview and Level Annotations

Branches:
Dungeon (3/15)

Altars:

Shops:
D:3 [

Annotations:
D:3 Grinder, Pargi, Sigmund


Innate Abilities, Weirdness & Mutations

Your plain brown scales are hard. (AC +5)
You cannot fit into any form of body armour.
You are cold-blooded and may be slowed by cold attacks.


Message History

Casting: Magic Dart (safe; 1% risk of failure)
Confirm with . or Enter, or press ? or * to list all spells.
Aiming: Searing Ray (safe; 3% risk of failure)
Press: ? - help, Shift-Dir - straight line, f - Grinder
Aim: Grinder (75% to hit)
The searing ray hits Grinder.
Grinder is lightly wounded. (Press . to maintain the ray.)
The searing ray hits Grinder.
Grinder is lightly wounded.
The searing ray hits Grinder!
Grinder is moderately wounded.
The searing ray hits Grinder.
Grinder is moderately wounded.
You finish channelling your searing ray.
Grinder gestures at you.
You barely resist.
Casting: Searing Ray (safe; 3% risk of failure)
Confirm with . or Enter, or press ? or * to list all spells.
Aiming: Searing Ray (safe; 3% risk of failure)
Press: ? - help, Shift-Dir - straight line, f/p - Grinder
Aim: Grinder (moderately wounded, 75% to hit)
The searing ray hits Grinder!
Grinder is heavily wounded. (Press . to maintain the ray.) Grinder barely misses you.
Without enough magic to sustain it, your searing ray dissipates.
Grinder hits you!
You writhe in agony.
You are too injured to fight recklessly!
Grinder hits you but does no damage.
There is a stone staircase leading down here.
Grinder gestures at you. Pain shoots through your body!
* * * LOW HITPOINT WARNING * * *
Grinder closely misses you.
There is a stone staircase leading down here.
Grinder hits you.
* * * LOW HITPOINT WARNING * * *
You writhe in agony.
You die...

##+## ##...##
##.....##
##.......##
#.........#
+.........+
#.....@...#
##.....5.##
#..# ##.....##
#... ##..<###.
...# ##+## #.#
..# #.# ..#
.####.## #.#
##[......###.#
##...........<#


You could see Grinder.

Vanquished Creatures
  An orc wizard (D:2)
  A hound skeleton (D:2)
  An adder (D:2)
  2 worms (D:2)
  A dart slug (D:1)
  4 orcs (D:2)
  3 bats
  7 endoplasms
  3 giant cockroaches
  2 goblins
  5 hobgoblins (D:1)
  A kobold (D:1)
  A quokka (D:1)
  6 ball pythons
  4 frilled lizards
  4 rats
46 creatures vanquished.

Notes
Turn   | Place    | Note
-------+----------+-------------------------------------------
     0 | D:1      | Zeld the Draconian Conjurer began the quest for the Orb.
     0 | D:1      | Reached XP level 1. HP: 14/14 MP: 3/3
   393 | D:1      | Reached XP level 2. HP: 16/22 MP: 0/5
   396 | D:1      | Learned a level 2 spell: Searing Ray
   747 | D:1      | Found a faded altar of an unknown god.
  1381 | D:2      | Reached XP level 3. HP: 13/27 MP: 3/6
  1587 | D:2      | Reached skill level 1 in Fighting
  1985 | D:2      | Reached XP level 4. HP: 28/35 MP: 2/7
  2801 | D:3      | Noticed Sigmund
  2803 | D:3      | Found Pif Ussecy's Armour Shop.
  2841 | D:3      | Noticed Pargi
  2901 | D:3      | Noticed Grinder
  2913 | D:3      | Slain by Grinder

Illustrated notes

Levels and vault maps discovered:
D:1:      wander_arrival_desolate, layout_loops_ring,
          chequers_ecumenical_altar_grove
D:2:      layout_rooms
D:3:      layout_loops_corners, cheibrodos_worm_habitat, serial_shops, shop,
          uniq_grinder, uniq_pargi, uniq_jessica, uniq_terence,
          uniq_crazy_yiuf_cottage, uniq_sigmund

Skill      XL: |  1  2  3 |
---------------+----------+-----
Stealth        | 2 |  2.4
Dodging        | 2 |  2.3
Fighting       | 1 |  1.5
Spellcasting   | |  2.5
Conjurations   | |  4.8

Action                   |  1- 3 |  4- 6 || total
-------------------------+-------+-------++-------
Melee: Unarmed           |    31 |     7 ||    38
       Tailslap          |     5 |       ||     5
 Cast: Magic Dart        |    62 |    33 ||    95
       Searing Ray       |     4 |     4 ||     8
Armor: Skin              |    22 |     7 ||    29
Dodge: Dodged            |    40 |    19 ||    59
